[Event "FIDE World School-ch O-17 2025"]
[Site "Vrnjacka Banja"]
[Date "2025.03.22"]
[Round "4.1"]
[White "Bogdanov, Artyom"]
[Black "Elmirzaev, Khondamir"]
[Result "1/2-1/2"]
[Annotator "TA"]
[ECO "B52"]
[WhiteElo "2373"]
[BlackElo "2036"]
[PlyCount "57"]
[EventDate "2025.03.19"]
[EventType "swiss"]
[EventCountry "SRB"]
[SourceTitle "playchess.com"]
[Source "ChessBase"]
[SourceQuality "1"]
[TimeControl "5400+30"]

1. e4 c5 2. Nf3 d6 3. Bb5+ Bd7 4. Bxd7+ Qxd7 5. O-O Nf6 6. Qe2 Nc6 7. c3 e6 8. d4 cxd4 9. cxd4 d5 10. e5 Ne4 11. Nbd2 $1 {[%emt 0:00:03][%mdl 4] outshines the older 11.Be3. B52: Sicilian: Moscow Variation with 3...Bd7.} Nxd2 12. Bxd2 Bb4 13. Bf4 O-O 14. h4 h6 15. a3 Be7 16. Bd2 $146 (16. h5 Rac8 17. Qd2 b6 18. Rad1 Rfd8 19. Bxh6 gxh6 20. Qxh6 Qe8 21. Rd3 Qf8 22. Qf4 {1-0 Aarav,S (1782)-Soureen,B (1631) Bhubaneswar op-A 14th 2023 (9)}) 16... a5 17. g3 a4 18. Rac1 Na5 19. Bxa5 Rxa5 20. Rc3 Qb5 21. Qc2 Ra6 22. Rc1 Rb6 23. Kg2 g6 (23... Rc6 $5) 24. Qd2 {[%emt 0:09:19] The position is equal.} Kg7 25. Rc7 Bd8 26. Rc8 Be7 {[%emt 0:08:49] [#] Inhibits R1c5.} (26... Qxb2 $2 27. Qf4 Rb3 (27... Qxa3 $2 28. Rxd8 Rc6 29. Rxc6 $18) 28. Rxd8 Rxf3 29. Kxf3 $18) 27. R8c7 Bd8 28. Rc8 Be7 {[%emt 0:00:34] Threatens to win with ...Rxc8.} (28... Qxb2 $2 29. Qf4 Rb3 (29... Qxa3 $2 {perishes.} 30. Rxd8 Rc6 31. Rxc6 $18) 30. Rxd8 Rxf3 31. Kxf3 $18) 29. R8c7 {[%emt 0:11:29] A rather calm draw.   Weighted Error Value: White=0.06 (flawless) /Black=0.06 (flawless)   Inaccurate:     	White=1     	---        OK:         	White=2     	Black=10     Best:        	White=1     	Black=1} 1/2-1/2

[Event "FIDE World School-ch O-17 2025"]
[Site "Vrnjacka Banja"]
[Date "2025.03.22"]
[Round "4.2"]
[White "Yildiz, Egehan"]
[Black "Ljepic, Andrej"]
[Result "1/2-1/2"]
[Annotator "TA"]
[ECO "E16"]
[WhiteElo "2204"]
[BlackElo "2337"]
[PlyCount "79"]
[EventDate "2025.03.19"]
[EventType "swiss"]
[EventCountry "SRB"]
[SourceTitle "playchess.com"]
[Source "ChessBase"]
[SourceQuality "1"]
[TimeControl "5400+30"]

1. d4 e6 2. c4 Nf6 3. Nf3 Bb4+ 4. Nbd2 O-O 5. g3 c5 6. a3 Bxd2+ 7. Bxd2 b6 8. Bg2 Bb7 9. dxc5 bxc5 10. O-O d6 11. Qc2 {[%emt 0:05:43] E16: Queen's Indian: 4 g3 Bb7 5 Bg2 Bb4+.} Nbd7 12. Rad1 $146 (12. Rfd1 Qc7 13. Rac1 Be4 14. Qb3 Rfb8 15. Qa2 a5 16. Bc3 a4 17. Bh3 d5 18. Nd2 d4 19. Nxe4 Nxe4 {0-1 Hansen,L-Burgess,M (2335) EU-ch U21 Groningen 1986 (7)}) 12... Qc7 13. Ne1 d5 14. Nd3 d4 15. Bf4 {[%emt 0:02:48] This pair of bishops is nice.} Qb6 16. Bxb7 $1 Qxb7 17. b4 Rfe8 18. f3 e5 19. Bg5 cxb4 20. axb4 Rac8 21. e4 dxe3 $1 22. Bxe3 a6 23. Nc5 Nxc5 24. Bxc5 {[%emt 0:00:00] [#]} (24. bxc5 $11 e4 25. Qf2) 24... a5 $1 $15 25. Rb1 Qc6 26. Ba7 axb4 27. Rxb4 h5 28. Qf2 Qe6 29. Rc1 e4 {[%emt 0:01:16] Black has strong rooks and is better. Black has a king side majority} (29... h4 $17 30. Re1 hxg3 (30... Rxc4 31. Rxc4 Qxc4 32. gxh4 $17) 31. hxg3 Rxc4 32. Rxc4 Qxc4) 30. Bd4 $11 exf3 (30... Rc6 {simplifies} 31. Bxf6 Qxf6 32. fxe4 Qg6) 31. Qxf3 Ng4 {[%emt 0:02:21] Threatens to win with ...Rcd8.} 32. c5 Qa2 33. Rb2 {[%emt 0:01:51] Successful Defense White} Qa4 34. Qc3 Rcd8 35. Rd2 Qc6 36. Rcd1 (36. h3 $1 $11 Ne5 37. Rf1) 36... f6 (36... Re6 $17) 37. Qb3+ Kh8 38. Qf7 Qd5 (38... Rd5 39. Bxf6 Qxc5+ 40. Bd4 $16) (38... Qe4 $1 $15) 39. Qxd5 Rxd5 40. Bf2 {[%emt 0:00:29] Weighted Error Value: White=0.18 (very precise) /Black=0.17 (very precise)   Mistake:       	White=2     	Black=3      Inaccurate:     	White=6     	Black=4      OK:         	White=9     	Black=12     Best:        	White=1     	---        Strong:       	White=1     	Black=1} 1/2-1/2

[Event "FIDE World School-ch O-17 2025"]
[Site "Vrnjacka Banja"]
[Date "2025.03.22"]
[Round "4.3"]
[White "Milanovic, Marko"]
[Black "Taran, Egor A"]
[Result "1-0"]
[Annotator "TA"]
[ECO "B51"]
[WhiteElo "2271"]
[BlackElo "1961"]
[PlyCount "71"]
[EventDate "2025.03.19"]
[EventType "swiss"]
[EventCountry "SRB"]
[SourceTitle "playchess.com"]
[Source "ChessBase"]
[SourceQuality "1"]
[TimeControl "5400+30"]

1. e4 c5 2. Nf3 d6 3. Bb5+ Nd7 4. a4 a6 5. Be2 Ngf6 6. Nc3 {[%emt 0:00:33] B51: Sicilian: Moscow Variation (3 Bb5+) without 3...Bd7.} g6 7. a5 Bg7 8. O-O {[%emt 0:01:59] White is slightly better.} b5 9. axb6 Qxb6 10. d3 O-O 11. Nd2 Qc7 12. f4 $146 (12. Nc4 Rb8 13. Be3 Nb6 14. Nxb6 Rxb6 15. Qc1 Qb8 16. e5 dxe5 17. Na4 Rc6 18. Bf3 {½-½ Huschenbeth,N (2608)-Areshchenko,A (2690) POL-chT Ekstraliga 2021 (6.3)}) 12... Nb6 13. Bf3 Bb7 14. Nb3 Rad8 (14... a5 $11) 15. Na5 Bc8 16. Qe1 e5 (16... e6 $14) 17. fxe5 $16 dxe5 18. Qh4 Ne8 19. Nc4 {[%emt 0:04:33] White is more active.} (19. Qf2 $16) 19... Bb7 {[%emt 0:00:00] [#] Loses the game.} (19... Nxc4 $14 20. dxc4 Bb7) 20. Nxb6 $1 $18 Qxb6 21. Na4 Qc7 22. Be3 Rc8 23. Nxc5 Nd6 24. c4 ({Don't play} 24. Nxa6 Bxa6 25. Rxa6 Rb8 $18) 24... Rfd8 25. Nxa6 Bxa6 26. Rxa6 Nb7 27. Bb6 Qc6 28. Bg4 Ra8 29. Bxd8 Qxa6 30. Be7 Bf8 {[%emt 0:00:00] [#]} (30... h5 $142) 31. Qf2 $1 Nd6 (31... Qa7 32. Qxa7) 32. Bxf8 Rxf8 33. Qc5 f6 (33... Nb7 {is a better defense.} 34. Qxe5 Qb6+ 35. d4 Na5) 34. Be6+ Kg7 35. b4 {[%emt 0:00:38] Threatens to win with b5.} Nxe4 36. Qe7+ {[%emt 0:00:20] Weighted Error Value: White=0.12 (very precise) /Black=0.57  Mistake:       	White=1     	Black=5      Inaccurate:     	White=1     	Black=3      OK:         	White=13    	Black=8      Best:        	White=2     	---} 1-0

[Event "FIDE World School-ch O-17 2025"]
[Site "Vrnjacka Banja"]
[Date "2025.03.22"]
[Round "4.4"]
[White "Topuz, Mirac Melih"]
[Black "Amankos, Zhanbolat"]
[Result "1-0"]
[Annotator "NA RC"]
[ECO "A52"]
[WhiteElo "2113"]
[BlackElo "1954"]
[PlyCount "83"]
[EventDate "2025.03.19"]
[EventType "swiss"]
[EventCountry "SRB"]
[SourceTitle "playchess.com"]
[Source "ChessBase"]
[SourceQuality "1"]
[TimeControl "5400+30"]

1. d4 Nf6 2. c4 e5 3. dxe5 Ng4 4. e3 Nxe5 5. f4 Nec6 6. Nc3 d6 7. Nge2 g6 8. g3 Bg7 9. Bg2 O-O 10. O-O Ne7 11. e4 f5 12. Be3 Nbc6 13. Qd2 fxe4 14. Nxe4 Nf5 15. Bf2 Nce7 16. g4 Nh6 17. h3 Nc6 18. Rac1 Nf7 19. b4 h5 20. b5 Nb8 21. Bd4 Nd7 22. Bxg7 Kxg7 23. Qd4+ Kh7 24. N2c3 c5 25. Qd3 hxg4 26. hxg4 Nb6 27. f5 gxf5 28. gxf5 Rh8 29. f6 Ne5 30. Qg3 Ng4 31. Qh4+ Nh6 32. Ng5+ Kg6 33. Nge4 Rg8 34. Ng3 d5 35. cxd5 Kf7 36. Qxh6 Rxg3 37. Qh7+ Kf8 38. Qh8+ Rg8 39. Qh6+ Kf7 40. Qh5+ Kf8 41. f7 Rxg2+ 42. Kxg2 1-0

[Event "FIDE World School-ch O-17 2025"]
[Site "Vrnjacka Banja"]
[Date "2025.03.22"]
[Round "4.5"]
[White "Andjelkovic, Aleksandar M"]
[Black "Adithya A Chullikkad"]
[Result "1-0"]
[Annotator "TA"]
[ECO "E12"]
[WhiteElo "1930"]
[BlackElo "2101"]
[PlyCount "87"]
[EventDate "2025.03.19"]
[EventType "swiss"]
[EventCountry "SRB"]
[SourceTitle "playchess.com"]
[Source "ChessBase"]
[SourceQuality "1"]
[TimeControl "5400+30"]

1. d4 Nf6 2. Nf3 e6 3. c4 b6 4. a3 Bb7 5. Nc3 d5 6. cxd5 Nxd5 7. Qc2 Nxc3 8. Qxc3 Nd7 {[%emt 0:04:01] E12: Queen's Indian: Unusual White 4th moves, 4 a3, 4 Nc3 Bb7 5 a3 and 4 Nc3 Bb7 .} 9. Bf4 (9. Bg5 $14 Qc8 10. e3) 9... Bd6 $11 10. Qd2 $146 (10. Bg3 O-O 11. e3 Rc8 12. Bd3 Nf6 13. Bh4 Be7 14. Qc2 h6 15. Rd1 Nh5 16. Bg3 Nxg3 17. hxg3 {½-½ Amarasena,K (1900)-Kazimova,N (2148) World ol U16 07th 2008 (2)}) 10... O-O {[%emt 0:03:46] Black is slightly better.} 11. Bxd6 cxd6 12. e3 Rc8 13. Bd3 Qf6 14. Qe2 (14. Qd1 $1 $11 {remains equal.}) 14... e5 $17 15. dxe5 dxe5 16. Bc2 (16. Bb5 $15 e4 17. Nd4) 16... Rc7 (16... Nc5 $142 $1 {And now ...Ba6 would win.} 17. b4 Ne6) 17. O-O Rfc8 18. Bb3 Nc5 19. Bc4 Ne6 20. b3 b5 21. Bxb5 Rc2 22. Qd1 Ng5 {[%emt 0:00:43][%mdl 1024] Black has compensation.} 23. Ne1 R2c5 24. Bc4 Qg6 (24... Ne4 $11) 25. Qg4 $16 h5 26. Qg3 (26. Bxf7+ Qxf7 27. Qxg5 Ba6 $19) 26... e4 (26... Qf6 $142) 27. h4 Qf6 28. Rd1 Ne6 29. Rd7 $2 (29. Nc2 $18) 29... Bc6 $1 $11 30. Rxa7 Be8 $2 (30... Bd5 $11 {and Black has nothing to worry.}) 31. Nc2 $18 Nf8 (31... Nc7 32. Rb7 Bb5) 32. Rd1 Qb6 (32... Rxc4 {might work better.} 33. bxc4 Qb6) 33. Ra6 Qb7 34. Rad6 Rxc4 35. bxc4 Ba4 36. R6d2 Rxc4 {[%emt 0:00:46] [#]} 37. Nb4 Bxd1 $16 38. Rxd1 Ne6 {[%emt 0:00:12] [#]} (38... Rc5 $16 39. Qd6 Qc7) 39. Qe5 $1 $18 Rc5 40. Qd6 (40. Rd8+ $18 {is more deadly.} Kh7 41. Rd5 Rc1+ 42. Kh2) 40... Qa8 (40... Qb5 $142) 41. Nd5 $16 {[%emt 0:00:45][%cal Bb4d5,Bd5e7,Be7c8][%mdl 32] White is more active.} Qxa3 $2 (41... Qa4 $16 42. Ne7+ Kh7) 42. Ne7+ {[%emt 0:00:12] White is clearly winning.} Kh7 43. Qb8 Rc8 44. Nxc8 {[%emt 0:00:07] Weighted Error Value: White=0.31/Black=0.52  Loses game:     	---       	Black=1      Missed win:     	White=1     	---        Mistake:       	White=5     	Black=8      Inaccurate:     	White=3     	Black=1      OK:         	White=16    	Black=8      Best:        	White=1     	Black=3      Strong:       	White=1     	Black=1} 1-0

[Event "FIDE World School-ch O-17 2025"]
[Site "Vrnjacka Banja"]
[Date "2025.03.22"]
[Round "4.6"]
[White "Senevirathne, D C B K"]
[Black "Orgilon Batsaikhan"]
[Result "0-1"]
[Annotator "NA RC"]
[ECO "B90"]
[WhiteElo "1840"]
[BlackElo "2024"]
[PlyCount "62"]
[EventDate "2025.03.19"]
[EventType "swiss"]
[EventCountry "SRB"]
[SourceTitle "playchess.com"]
[Source "ChessBase"]
[SourceQuality "1"]
[TimeControl "5400+30"]

1. e4 c5 2. Nf3 d6 3. d4 cxd4 4. Nxd4 Nf6 5. Nc3 a6 6. a4 e5 7. Nf3 Qc7 8. Bg5 Nbd7 9. Be2 Be7 10. O-O h6 11. Bxf6 Nxf6 12. Qd3 Be6 13. Nd2 Rd8 14. Nd5 Bxd5 15. exd5 O-O 16. Kh1 Nd7 17. Bg4 Nc5 18. Qh3 b5 19. axb5 axb5 20. b4 Na4 21. c4 Nb6 22. cxb5 Qc2 23. Rfd1 Ra8 24. Bf5 Qxd2 25. Qh5 Rxa1 26. Rxa1 Qxb4 27. Bd3 Nxd5 28. Qf5 g6 29. Qd7 Qd4 30. Rd1 Nc3 31. Rd2 Ne4 0-1

[Event "FIDE World School-ch O-17 2025"]
[Site "Vrnjacka Banja"]
[Date "2025.03.22"]
[Round "4.7"]
[White "Adilbekuly, Altair"]
[Black "Kazhmuratov, Altair"]
[Result "0-1"]
[Annotator "NA RC"]
[ECO "C77"]
[WhiteElo "1628"]
[BlackElo "1971"]
[PlyCount "56"]
[EventDate "2025.03.19"]
[EventType "swiss"]
[EventCountry "SRB"]
[SourceTitle "playchess.com"]
[Source "ChessBase"]
[SourceQuality "1"]
[TimeControl "5400+30"]

1. e4 Nc6 2. Nf3 e5 3. Bb5 a6 4. Ba4 d6 5. h3 Nf6 6. d3 g6 7. O-O b5 8. Bb3 Na5 9. c3 Nxb3 10. Qxb3 Bg7 11. Be3 O-O 12. Nbd2 Re8 13. Rfe1 d5 14. Bg5 Bb7 15. a4 Bc6 16. axb5 axb5 17. Qc2 h6 18. Bh4 Rxa1 19. Rxa1 g5 20. Bg3 Nh5 21. Nf1 Nf4 22. Ra6 Re6 23. Ne3 dxe4 24. dxe4 Bxe4 25. Qxe4 Rxa6 26. h4 Qd3 27. Qb7 Ra1+ 28. Kh2 Qb1 0-1

[Event "FIDE World School-ch O-17 2025"]
[Site "Vrnjacka Banja"]
[Date "2025.03.22"]
[Round "4.8"]
[White "Kanacki, Vuk"]
[Black "Gusev, Mikhail"]
[Result "1/2-1/2"]
[Annotator "TA"]
[ECO "A45"]
[WhiteElo "1956"]
[BlackElo "2250"]
[PlyCount "80"]
[EventDate "2025.03.19"]
[EventType "swiss"]
[EventCountry "SRB"]
[SourceTitle "playchess.com"]
[Source "ChessBase"]
[SourceQuality "1"]
[TimeControl "5400+30"]

1. d4 Nf6 2. Bg5 c5 3. dxc5 e6 4. Nc3 Bxc5 5. e3 d5 6. Nf3 {[%emt 0:00:57] A45: Trompowsky Attack.} O-O 7. Be2 h6 8. Bh4 {[%emt 0:00:52] Black is slightly better.} Nc6 9. O-O Be7 10. Qd2 $146 (10. Bxf6 Bxf6 11. e4 Bxc3 12. bxc3 dxe4 13. Qxd8 Rxd8 14. Nd4 Nxd4 15. cxd4 Rxd4 {0-1 Tsediakov,L-Bauyrzhan,A (2029) Swiss Queens Wed #4 blitz 2024 (7)}) 10... b6 11. Rfd1 Bb7 12. Qe1 Rc8 13. a3 Rc7 14. Nb5 Rd7 15. Nbd4 Ne4 16. Nxc6 Bxc6 17. Bxe7 Qxe7 18. Ne5 Rc7 19. Nxc6 Rxc6 20. c3 Nc5 21. Bf3 Rd8 22. Rac1 Qf6 23. Rc2 Nb3 24. e4 dxe4 $1 25. Bxe4 Rcd6 26. Rxd6 Rxd6 27. Qe2 {[%emt 0:00:45] White is weak on the dark squares} Qd8 {[%emt 0:03:18] [#] ( -> ...Rd1+)} 28. Bf3 Nd2 29. h3 Nxf3+ 30. Qxf3 $15 {[%emt 0:00:32][%mdl 4096] Endgame KQR-KQR} Rd1+ 31. Kh2 Qd6+ 32. Qg3 Qd5 {[%emt 0:01:26] [#] ...Qe4 is the strong threat.} 33. Qb8+ Kh7 (33... Qd8 {simplifies} 34. Qxd8+ Rxd8 35. c4 Kf8) 34. Qf4 {[%emt 0:00:24] Against Qe4} Qd3 (34... a5 {seems wilder.} 35. Re2 Kg6 36. Re5 Qd6) 35. Rc1 Rxc1 36. Qxc1 e5 37. c4 Kg6 38. c5 bxc5 {[%emt 0:36:36] The position is equal.} 39. Qxc5 Qd4 40. Qc6+ f6 {[%emt 0:00:00] Weighted Error Value: White=0.06 (flawless) /Black=0.06 (flawless)   Inaccurate:     	White=3     	Black=1      OK:         	White=13    	Black=12     Best:        	White=1     	Black=1      Strong:       	---       	Black=1} 1/2-1/2